 Dungeon Crawl Stone Soup version 0.16-a0-3458-g6d2551d (webtiles) character file.

2905 NewYearsCrawler the Cleaver (level 10, -3/70 HPs)
             Began as a Formicid Fighter on Jan 1, 2015.
             Was a Believer of Okawaru.
             Slain by a wight
             ... wielding a +1 halberd
             ... summoned by a shadow trap
              (6 damage)
             ... on level 7 of the Dungeon.
             The game lasted 00:08:56 (6487 turns).

NewYearsCrawler the Cleaver (Formicid Fighter)      Turns: 6487, Time: 00:08:58

Health: -3/70      AC: 11    Str: 24      XL:     10   Next: 6%
Magic:  13/13      EV:  9    Int:  8      God:    Okawaru [**....]
Gold:   420        SH: 11    Dex:  9 (10) Spells: 0 memorised, 9 levels left

rFire  . . .     SeeInvis +     a - +0 war axe
rCold  + . .     Clarity  .     b - +0 scale mail
rNeg   . . .     SustAb   .     c - +0 shield
rPois  .         Gourm    .     (helmet unavailable)
rElec  .         Spirit   .     m - +2 cloak
rCorr  .         Warding  .     p - +0 pair of gloves
rMut   .         Stasis   +     (no boots)
MR     +....                    (no amulet)
Stlth  ..........               (no ring)
                                n - ring of protection from cold

@: drained, somewhat resistant to hostile enchantments, extremely unstealthy
A: permanent stasis, dig shafts and tunnels, four strong arms, antennae 3, beak,
icy blue scales 1, deterioration 1
a: Dig, Shaft Self, Heroism, Renounce Religion


You were on level 7 of the Dungeon.
You worshipped Okawaru.
Okawaru was pleased with you.
You were hungry.

You visited 2 branches of the dungeon, and saw 8 of its levels.

You collected 420 gold pieces.

Inventory:

Hand weapons
 a - a +0 war axe (weapon)
Missiles
 u - 8 javelins (quivered)
Armour
 b - a +0 scale mail (worn)
 c - a +0 shield (worn)
 m - a +2 cloak (worn)
 p - a +0 pair of gloves (worn)
Jewellery
 n - a ring of protection from cold (left hand)
Magical devices
 h - a wand of cold (5)
 r - a wand of confusion (19)
Scrolls
 f - 3 scrolls of remove curse {unknown}
 j - a scroll of fear
 o - 7 scrolls of identify
 t - a scroll of amnesia
 w - 3 scrolls of random uselessness {unknown}
Potions
 e - a potion of might
 i - 5 potions of curing
 s - 2 potions of heal wounds
 x - a potion of lignification {unknown}
 z - a potion of magic {unknown}
 B - a potion of haste {unknown}
 C - a potion of brilliance
Books
 v - a book of Unlife

   Spells                             Type                      Level
   a - Recall                         Summoning/Translocation      3
   b - Animate Dead                   Necromancy                   4
   c - Control Undead                 Necromancy                   4
   d - Cigotuvi's Embrace             Necromancy                   5
   e - Death Channel                  Necromancy                   6
   f - Simulacrum                     Ice/Necromancy               6
 y - a Necronomicon {highlevel, unknown}

   This book is beyond your current level of understanding.

   Spells                             Type                      Level
   a - Haunt                          Necromancy/Summoning         7
   b - Borgnjor's Revivification      Necromancy                   8
   c - Death's Door                   Charms/Necromancy            8
   d - Necromutation                  Transmutation/Necromancy     8
Comestibles
 d - 4 bread rations
 g - 4 meat rations
 k - 8 fruits
 l - a royal jelly
 q - a beef jerky
 A - a chunk of flesh


   Skills:
 - Level 3.2(2.6) Fighting
 + Level 11.5(10.7) Axes
 - Level 3.2(2.6) Armour
 + Level 8.5(7.7) Shields


You had 9 spell levels left.
You didn't know any spells.

Dungeon Overview and Level Annotations

Branches:
Dungeon (7/15)             Temple (1/1) D:4

Altars:
Ashenzari
Cheibriados
Dithmenos
Elyvilon
Gozag
Kikubaaqudgha
Makhleb
Nemelex Xobeh
Okawaru
Qazlal
Sif Muna
Trog
Vehumet
Xom
Yredelemnul
Zin
The Shining One

Shops:
D:4 (


Innate Abilities, Weirdness & Mutations

You are under a permanent stasis effect.
You can dig through walls and to a lower floor.
Your four strong arms can wield two-handed weapons with a shield.
You have a pair of large antennae on your head (SInv).
You have a beak for a mouth.
You are partially covered in icy blue scales (AC +1).
Your body is slowly deteriorating.


Message History

The gnoll closely misses you.
Unknown command.
You hit the wight.
The wight is moderately damaged.
The wight hits you with an enchanted halberd!
* * * LOW HITPOINT WARNING * * *
The wight hits you from afar with a spear.
* * * LOW HITPOINT WARNING * * *
The gnoll barely misses you.
You are too injured to fight recklessly!
Unknown command.
You block the wight's attack. x2
You hit the wight.
The wight is moderately damaged.
The wight hits you with a spear!
* * * LOW HITPOINT WARNING * * *
You feel drained.
* * * LOW HITPOINT WARNING * * *
The wight hits you from afar with an enchanted halberd.
You die...

#### ..# #.#
#########.########
#.zg..............
{#^#{##.##.#.######
{#@#.##.##.#.# #
#z#.##.##.#.# #
#..#.#.##.#.#### #
#.###..##..(...###
.## #......##.##. .
.....####)##. #
#.##.# #.##. #.#
#.##. #.# #(##.


You could see 2 wights.

Vanquished Creatures
  The ghost of NewYearsCrawler the Cleaver, an experienced FoFi (D:6)
  Pikel (D:5)
  The ghost of NewYearsCrawler the Chopper, an experienced FoFi (D:4)
  Edmund (D:6)
  A slave (D:5)
  3 black bears (D:6)
  An ogre (D:6)
  A phantom (D:5)
  A big kobold (D:5)
  A giant frog (D:6)
  A scorpion (D:6)
  2 wights (D:7)
  A jelly (D:5)
  2 quasits
  2 goliath beetles
  2 orc priests
  3 hounds
  5 iguanas
  3 crimson imps
  3 worker ants
  An orc wizard (D:5)
  Jessica (D:2)
  2 gnolls (D:7)
  9 adders
  A shadow imp (D:7)
  3 worms
  An adder zombie (D:7)
  3 oozes
  10 orcs
  A ball python (D:2)
  9 bats
  3 bat skeletons
  2 bat zombies
  2 giant cockroaches
  20 goblins
  9 hobgoblins
  8 jackals
  2 quokkas
  6 giant geckos
  A giant gecko skeleton (D:4)
  10 giant newts
  A jackal zombie (D:6)
  22 kobolds
  7 rats
  2 ballistomycetes (D:7)
  A toadstool (D:1)
173 creatures vanquished.

Vanquished Creatures (others)
  A giant spore (D:7)
  3 toadstools (D:1)
4 creatures vanquished.

Grand Total: 177 creatures vanquished

Notes
Turn   | Place    | Note
--------------------------------------------------------------
     0 | D:1      | NewYearsCrawler, the Formicid Fighter, began the quest for the Orb.
     0 | D:1      | Reached XP level 1. HP: 18/18 MP: 1/1
   126 | D:1      | Reached XP level 2. HP: 22/24 MP: 3/3
   355 | D:1      | Reached XP level 3. HP: 26/29 MP: 4/4
   548 | D:2      | Noticed Jessica
   558 | D:2      | Killed Jessica
   720 | D:2      | Reached XP level 4. HP: 35/35 MP: 5/5
   747 | D:2      | Reached skill level 4 in Axes
  1602 | D:2      | Reached XP level 5. HP: 37/41 MP: 7/7
  1890 | D:3      | Reached skill level 5 in Axes
  1901 | D:3      | Found a shimmering altar of Xom.
  2485 | D:4      | Found a shimmering altar of Xom.
  2497 | D:4      | Found a shimmering altar of Xom.
  2509 | D:4      | Found a shimmering altar of Xom.
  2509 | D:4      | Found a shimmering altar of Xom.
  2509 | D:4      | Found a shimmering altar of Xom.
  2547 | D:4      | Reached XP level 6. HP: 47/47 MP: 8/8
  2604 | D:4      | Noticed NewYearsCrawler's ghost (experienced FoFi)
  2639 | D:4      | Reached skill level 6 in Axes
  2662 | D:4      | Killed NewYearsCrawler's ghost
  2662 | D:4      | Reached skill level 7 in Axes
  2662 | D:4      | Reached XP level 7. HP: 32/52 MP: 9/9
  2807 | D:4      | Found an opulent altar of Gozag.
  2808 | D:4      | Found a glowing silver altar of Zin.
  2909 | D:4      | Found a staircase to the Ecumenical Temple.
  3095 | D:4      | Gained mutation: You are partially covered in icy blue scales (AC +1). [potion of mutation]
  3095 | D:4      | Gained mutation: Your body is slowly deteriorating. [potion of mutation]
  3095 | D:4      | Gained mutation: You have a beak for a mouth. [potion of mutation]
  3103 | Temple   | Entered the Ecumenical Temple
  3161 | Temple   | Became a worshipper of Warmaster Okawaru
  3261 | D:4      | Found Gayzxuocs' Weapon Shoppe.
  3287 | D:5      | Entered Level 5 of the Dungeon
  3573 | D:5      | Reached skill level 8 in Axes
  3622 | D:5      | Reached XP level 8. HP: 53/58 MP: 11/11
  3936 | D:5      | Acquired Okawaru's first power
  4120 | D:5      | Reached skill level 9 in Axes
  4334 | D:5      | Noticed Pikel
  4353 | D:5      | Killed Pikel
  4353 | D:5      | Reached skill level 5 in Shields
  4353 | D:5      | Reached XP level 9. HP: 50/64 MP: 12/12
  4455 | D:5      | Found a snail-covered altar of Cheibriados.
  4890 | D:6      | Found a white marble altar of Elyvilon.
  4891 | D:6      | Found a sparkling altar of Nemelex Xobeh.
  4891 | D:6      | Found a deep blue altar of Sif Muna.
  4892 | D:6      | Found a shadowy altar of Dithmenos.
  4936 | D:6      | Found a bloodstained altar of Trog.
  4945 | D:6      | Reached skill level 10 in Axes
  4969 | D:6      | Found a shattered altar of Ashenzari.
  4969 | D:6      | Found a glowing golden altar of the Shining One.
  5373 | D:6      | Noticed Edmund
  5386 | D:6      | Noticed NewYearsCrawler's ghost (experienced FoFi)
  5400 | D:6      | Killed Edmund
  5648 | D:6      | Killed NewYearsCrawler's ghost
  5648 | D:6      | Reached skill level 11 in Axes
  6139 | D:7      | Reached XP level 10. HP: 51/70 MP: 13/13
  6487 | D:7      | HP: 3/70 [wight/spear[a shadow trap] (2)]
  6487 | D:7      | Slain by a wight

Action                   |  1- 3 |  4- 6 |  7- 9 | 10-12 || total
-------------------------+-------+-------+-------+-------++-------
Melee: War axe           |    80 |   203 |   353 |    71 ||   707
 Abil: Dig               |       |     2 |     3 |       ||     5
  Use: Potion            |       |     2 |     6 |       ||     8
       Scroll            |       |       |     7 |       ||     7
  Eat: Chunk             |       |     4 |    12 |     1 ||    17
       Bread ration      |       |     1 |       |       ||     1
